 Dungeon Crawl Stone Soup version 0.31-a0-344-gd109795599 (webtiles) character file.

Game seed: 11057360656682486763

62 garrulousMonolith the Changeling (level 4, 0/28 HPs)
             Began as an Octopode Shapeshifter on July 21, 2023.
             Was an Initiate of Wu Jian.
             Slain by a hobgoblin (3 damage)
             ... led by Robin
             ... on level 3 of the Dungeon.
             The game lasted 00:01:52 (2074 turns).

garrulousMonolith the Changeling (OpSh)             Turns: 2074, Time: 00:01:53

Health: 0/28       AC:  1    Str: 13    XL:     4   Next: 8%
Magic:  13/13      EV: 14    Int: 15    God:    Wu Jian [......]
Gold:   114        SH:  0    Dex: 18    Spells: 3/3 levels left

rFire   . . .        l - +1 dagger (venom)
rCold   . . .        (no shield)
rNeg    . . .        (helmet currently unavailable)
rPois   .            o - amulet of faith
rElec   .            c - ring of magical power
rCorr   .            m - +6 ring of intelligence
SInv    .            (no ring)
Will    +....        (no ring)
Stlth   +++          (no ring)
HPRegen 0.24/turn    (no ring)
MPRegen 0.13/turn    (no ring)
                     (no ring)

%: faith
@: beast-form
A: beast (slay +2), almost no armour, amphibious, 8 rings, camouflage 1,
gelatinous body 1, (nimble swimmer 1), tentacles, fangs 1, tentacle spike 1,
agile 1, strong-willed 1
a: Begin Untransformation, Renounce Religion


You were on level 3 of the Dungeon.
You worshipped Wu Jian.
Wu Jian was noncommittal.
You were a hulking beast.
You visited 1 branch of the dungeon, and saw 3 of its levels.

You collected 114 gold pieces.

Inventory:

Hand Weapons
 l - a +1 dagger of venom (weapon)
Missiles
 h - 6 atropa-tipped darts
 n - 3 poisoned darts
Jewellery
 c - a ring of magical power (left tentacle)
 f - a ring of ice
 m - a +6 ring of intelligence (right tentacle)
 o - an amulet of faith (around mantle)
Talismans
 b - a beast talisman
Scrolls
 e - a scroll of immolation
 g - a scroll of enchant weapon
 j - a scroll of teleportation {unknown}
 k - a scroll of amnesia {unknown}
Potions
 a - a potion of lignification
 d - a potion of might


   Skills:
 + Level 1.5 Fighting
 + Level 2.4 Dodging
 + Level 1.7 Stealth
 + Level 3.3 Unarmed Combat
 * Level 3.5 Shapeshifting


You had 3 spell levels left.
You didn't know any spells.
Your spell library contained the following spells:

 Spells                   Type           Power      Damage    Failure   Level
 Static Discharge         Conj/Air       0%         2-2/arc   38%         2
 Airstrike                Air            0%         2d(0-16)  95%         4
 Summon Lightning Spire   Summ/Air       0%         N/A       95%         4


Dungeon Overview and Level Annotations

Branches:
Dungeon (3/15)

Altars:
Wu Jian


Innate Abilities, Weirdness & Mutations

You are a hulking beast.
Your limbs bulge with bestial killing power. (Slay +2)
You cannot wear most types of armour.
You are amphibious.
You can wear up to eight rings at the same time.
Your skin changes colour to match your surroundings (Stealth+).
Your rubbery body absorbs attacks. (AC +1, EV +1)
((You are camouflaged when in or above water. (Stealth+)))
You have tentacles for arms and can constrict up to eight enemies at once.
You have very sharp teeth.
One of your tentacles bears a spike.
You are agile. (Dex +4, Str/Int -1)
You are strong-willed. (Will+)


Message History

The hobgoblin closely misses you. The goblin completely misses you.
You hit the hobgoblin.
The hobgoblin is poisoned.
Your grab misses the hobgoblin.
The hobgoblin is lightly wounded.
The goblin completely misses you. The hobgoblin closely misses you.
The goblin hits you with a +0 club.
You hit the hobgoblin but do no damage. You grab the hobgoblin.
The hobgoblin is moderately wounded.
You constrict the hobgoblin, but do no damage.
The goblin hits you with a +0 club. The hobgoblin hits you with a -1 mace!
The goblin barely misses you.
You are too injured to fight recklessly!
You are too injured to fight recklessly!
You are too injured to fight recklessly!
You are too injured to fight recklessly!
You are too injured to fight recklessly!
You are too injured to fight recklessly!
You are too injured to fight recklessly!
You are too injured to fight recklessly!
You are too injured to fight recklessly!
You are too injured to fight recklessly!
You are too injured to fight recklessly!
You are too injured to fight recklessly!
You are too injured to fight recklessly!
You hit the hobgoblin.
The hobgoblin looks even sicker.
The hobgoblin is heavily wounded.
You constrict the hobgoblin. The goblin hits you with a +0 club.
The hobgoblin hits you with a -1 mace.
* * * LOW HITPOINT WARNING * * *
The goblin hits you with a +0 club.
* * * LOW HITPOINT WARNING * * *
The goblin closely misses you.
It was a potion of mutation.
You feel extremely strange.
You feel strong-willed.
You feel agile.
Your teeth lengthen and sharpen.
One of your lower tentacles grows a sharp spike.
You constrict the hobgoblin.
You kill the hobgoblin!
The Council accepts your kill. The hobgoblin hits you.
You die...

##...>.#...#
#......######
<...####†..#
#.#####....##
###........#####
####..#
##........# ##.#
#........# #..
#........# ##.
#........# ##
#........# #
#....)hg.# #
####.ggg.#
##_..#g###
###..#.#
####.#.# # #.#.#
# #.# # ..#


You could see a hobgoblin and 4 goblins.

Vanquished Creatures
  2 adders (D:2)
  2 worms (D:2)
  4 endoplasms
  4 giant cockroaches
  3 goblins
  7 hobgoblins
  2 kobolds (D:2)
  2 quokkas
  3 ball pythons
  2 bats
  3 frilled lizards
  2 rats
36 creatures vanquished.

Notes
Turn   | Place    | Note
-------+----------+-------------------------------------------
     0 | D:1      | garrulousMonolith the Octopode Shapeshifter began the quest
                  | for the Orb.
     0 | D:1      | Reached XP level 1. HP: 13/13 MP: 1/1
   218 | D:1      | Reached XP level 2. HP: 18/18 MP: 2/2
   229 | D:1      | You fall into a shaft and drop 1 floor!
   229 | D:2      | Identified the +10 dagger "Xysawiz" {venom, rN+ rCorr
                  | Int+2}
   957 | D:2      | Reached skill level 1 in Stealth
  1194 | D:2      | Found an ornate altar of the Wu Jian Council.
  1203 | D:2      | Became a worshipper of the Wu Jian Council
  1310 | D:2      | Reached XP level 3. HP: 23/23 MP: 3/3
  1710 | D:3      | Found an ornate altar of the Wu Jian Council.
  2018 | D:3      | Reached XP level 4. HP: 28/28 MP: 4/4
  2062 | D:3      | Found a faded altar of an unknown god.
  2074 | D:3      | Gained mutation: You are strong-willed. (Will+) [potion of
                  | mutation]
  2074 | D:3      | Gained mutation: You are agile. (Dex +4, Str/Int -1)
                  | [potion of mutation]
  2074 | D:3      | Gained mutation: You have very sharp teeth. [potion of
                  | mutation]
  2074 | D:3      | Gained mutation: One of your tentacles bears a spike.
                  | [potion of mutation]
  2074 | D:3      | Slain by a hobgoblin

Illustrated notes

Levels and vault maps discovered:
D:1:      matt_arrival_diagonals, layout_loops_ring, st_stairs_10,
          kennysheep_nondescript
D:2:      layout_basic, basic_altar
D:3:      layout_basic, pdpol_wu_jian_five_deadly_venoms,
          ebering_ecumenical_altar_rust, nrook_uturn, uniq_ijyb, uniq_robin,
          uniq_jessica

Skill      XL: |  1  2 |
---------------+-------+-----
Stealth        | 1 |  1.7
Fighting       | |  1.5
Dodging        | |  2.4
Unarmed Combat | |  3.3
Shapeshifting  | |  3.5

Action                     |  1- 3 |  4- 6 || total
---------------------------+-------+-------++-------
  Melee: Unarmed           |    10 |       ||    10
         Tentacles         |    11 |       ||    11
         Constrict         |    15 |     3 ||    18
         Punch             |     3 |       ||     3
         Dagger            |    46 |     9 ||    55
Ability: Lunge             |     4 |       ||     4
    Use: Scroll            |     3 |       ||     3
         Potion            |       |     1 ||     1
   Stab: Sleeping          |     9 |       ||     9
 Armour: Skin              |     5 |       ||     5
  Dodge: Dodged            |    22 |     9 ||    31

Table legend: (Time is in decaauts)
 A = Elapsed time spent in this place.
 B = Non-inter-level travel time spent in this place.
 C = Inter-level travel time spent in this place.
 D = Time resting spent in this place.
 E = Time spent auto-exploring this place.
 F = Levels seen in this place.
 G = Mean time per level.
                   A        B        C        D        E       F      G
               +--------+--------+--------+--------+--------+-----+--------+
         Total |   2071 |   2047 |     24 |    466 |   1295 |   3 |  690.3 |
       Dungeon |   2071 |   2047 |     24 |    466 |   1295 |   3 |  690.3 |
               +--------+--------+--------+--------+--------+-----+--------+

Top non-repeatable levels by time:
     D:1: 906 daAuts
     D:2: 780 daAuts
     D:3: 385 daAuts
